[Event "December 5 Late 2023"]
[Site "https://www.chess.com"]
[Date "2023.12.05"]
[Round "6"]
[White "Apoorv Kamble"]
[Black "Pasti, Aron"]
[Result "1-0"]
[Board "56"]
[TimeControl "180+1"]
[WhiteFideId "25683012"]
[BlackFideId "785857"]
[WhiteElo "2656"]
[BlackElo "2516"]
[WhiteTeam "IND"]
[BlackTeam "HUN"]
[WhiteClock "0:01:51"]
[BlackClock "0:00:09"]

1. e4 c5 2. b3 Nc6 3. Bb2 e6 4. Nf3 b6 5. Be2 Bb7 6. O-O Nge7 7. c3 d5 8. e5 Ng6 9. d4 Be7 10. Nbd2 O-O 11. Re1 f6 12. exf6 Bxf6 13. Bf1 e5 14. dxe5 Ngxe5 15. Nxe5 Nxe5 16. Nf3 Nxf3+ 17. Qxf3 Bh4 18. Qh3 Bxf2+ 19. Kh1 Bxe1 20. Rxe1 Qf6 21. Bd3 g6 22. Qd7 Qf7 23. Qd6 Rae8 24. Rg1 Re3 25. Bb5 a6 26. Bc1 Rxc3 27. Be2 Rc2 28. Bg4 Qf6 29. Be6+ Kh8 30. Bh6 Re8 31. Qc7 Qe7 32. Qe5+ 1-0

[Event "December 5 Late 2023"]
[Site "https://www.chess.com"]
[Date "2023.12.05"]
[Round "6"]
[White "Calin, Alexandru"]
[Black "Zavgorodniy, Sergiy"]
[Result "0-1"]
[Board "57"]
[TimeControl "180+1"]
[WhiteFideId "1222961"]
[BlackFideId "14110148"]
[WhiteElo "2514"]
[BlackElo "2655"]
[WhiteTeam "ROU"]
[BlackTeam "UKR"]
[WhiteClock "0:00:20"]
[BlackClock "0:00:35"]

1. d4 d5 2. Nc3 Nf6 3. Bg5 Nbd7 4. Qd3 e6 5. e4 dxe4 6. Nxe4 Be7 7. Bxf6 Nxf6 8. Nf3 Nxe4 9. Qxe4 Qd5 10. Qe3 b6 11. Bd3 Bb7 12. O-O O-O 13. c4 Qh5 14. d5 Bc5 15. Qg5 Qxg5 16. Nxg5 exd5 17. cxd5 Bxd5 18. Bxh7+ Kh8 19. Be4 Rad8 20. Rad1 Bxa2 21. Rxd8 Rxd8 22. Bb1 Bc4 23. Rc1 Be7 24. Nf3 c5 25. h3 Bf6 26. Be4 Bb3 27. g4 Bxb2 28. Rb1 Rd1+ 29. Rxd1 Bxd1 30. Kf1 Bc3 31. Ng5 f6 32. Ne6 a5 33. f4 a4 34. g5 fxg5 35. fxg5 Bb3 36. Nd8 a3 37. g6 a2 0-1

[Event "December 5 Late 2023"]
[Site "https://www.chess.com"]
[Date "2023.12.05"]
[Round "6"]
[White "Tokhirjonova, Gulrukhbegim"]
[Black "Baches Garcia, Guillermo"]
[Result "1-0"]
[Board "58"]
[TimeControl "180+1"]
[WhiteFideId "14203626"]
[BlackFideId "2209764"]
[WhiteElo "2651"]
[BlackElo "2511"]
[WhiteTeam "USA"]
[BlackTeam "ESP"]
[WhiteClock "0:01:17"]
[BlackClock "0:00:00"]

1. Nf3 d5 2. d4 Nf6 3. Nc3 e6 4. Bf4 a6 5. a3 Bd6 6. Bg3 O-O 7. e3 c5 8. Be2 Nc6 9. Qd2 b5 10. O-O Bxg3 11. hxg3 Qe7 12. dxc5 Qxc5 13. Bd3 Bb7 14. Rfe1 Rad8 15. Qe2 e5 16. e4 d4 17. Nb1 Qe7 18. Nbd2 Nd7 19. a4 Nb4 20. axb5 axb5 21. Nb3 Nxd3 22. Qxd3 Nc5 23. Qxb5 Nxb3 24. Qxb3 Rb8 25. Ra7 Qc5 26. Rxb7 Rxb7 27. Qxb7 Qxc2 28. Nxe5 d3 29. Qd5 d2 30. Rf1 1-0

[Event "December 5 Late 2023"]
[Site "https://www.chess.com"]
[Date "2023.12.05"]
[Round "6"]
[White "Sturt, Raven"]
[Black "Kovalevsky, Stanislav"]
[Result "1-0"]
[Board "59"]
[TimeControl "180+1"]
[WhiteFideId "2007304"]
[BlackFideId "13508598"]
[WhiteElo "2650"]
[BlackElo "2505"]
[WhiteTeam "USA"]
[BlackTeam "FID"]
[WhiteClock "0:01:31"]
[BlackClock "0:00:30"]

1. f4 d5 2. Nf3 h5 3. e3 h4 4. c4 c6 5. Nc3 Nf6 6. Ne5 Nbd7 7. d4 Nxe5 8. fxe5 Bg4 9. Qb3 Ne4 10. cxd5 Nxc3 11. bxc3 Qxd5 12. Qxb7 Rd8 13. Rb1 h3 14. Rg1 e6 15. Rb5 Qd7 16. Qxd7+ Rxd7 17. Rb8+ Rd8 18. Rxd8+ Kxd8 19. gxh3 Bxh3 20. Bd3 g6 21. e4 Rh4 22. Bg5+ Be7 23. Bxh4 Bxh4+ 24. Ke2 c5 25. Kf3 cxd4 26. cxd4 g5 27. Bf1 g4+ 28. Ke2 Kc7 29. Bxh3 1-0

[Event "December 5 Late 2023"]
[Site "https://www.chess.com"]
[Date "2023.12.05"]
[Round "6"]
[White "Cieslak, Patryk"]
[Black "Lin, Bryan Enming"]
[Result "1-0"]
[Board "60"]
[TimeControl "180+1"]
[WhiteFideId "21078882"]
[BlackFideId "30987121"]
[WhiteElo "2646"]
[BlackElo "2504"]
[WhiteTeam "POL"]
[BlackTeam "USA"]
[WhiteClock "0:00:26"]
[BlackClock "0:00:09"]

1. e4 e5 2. Nf3 Nc6 3. Bb5 a6 4. Ba4 Nf6 5. O-O Be7 6. Re1 b5 7. Bb3 d6 8. c3 O-O 9. h3 a5 10. d4 Bd7 11. Na3 a4 12. Bc2 Qb8 13. Bd3 b4 14. Nc2 bxc3 15. bxc3 exd4 16. cxd4 d5 17. exd5 Nxd5 18. Ne3 Be6 19. Be4 Nc3 20. Qc2 Nxe4 21. Qxe4 Bf6 22. Qxc6 Rd8 23. Ba3 Qc8 24. Rac1 Bxh3 25. gxh3 Qxh3 26. Nh2 Ra5 27. Qf3 Qh6 28. Neg4 Qg6 29. Kh1 Bxd4 30. Rcd1 Rf5 31. Rxd4 Rb8 32. Qb7 h5 33. Qxb8+ Kh7 34. Qb1 Qc6+ 35. Qe4 Qg6 36. Ne3 Rxf2 37. Qxg6+ fxg6 38. Ra1 g5 39. Rd5 Kh6 40. Neg4+ 1-0

[Event "December 5 Late 2023"]
[Site "https://www.chess.com"]
[Date "2023.12.05"]
[Round "6"]
[White "Ambartsumova, Karina"]
[Black "Mazurkiewicz, Michal"]
[Result "1-0"]
[Board "61"]
[TimeControl "180+1"]
[WhiteFideId "4166299"]
[BlackFideId "1124943"]
[WhiteElo "2645"]
[BlackElo "2504"]
[WhiteTeam "RUS"]
[BlackTeam "POL"]
[WhiteClock "0:00:19"]
[BlackClock "0:00:36"]

1. d4 Nf6 2. c4 e5 3. dxe5 Ng4 4. Bf4 Nc6 5. Nf3 Bb4+ 6. Nbd2 Qe7 7. a3 Ngxe5 8. Nxe5 Nxe5 9. e3 Bc5 10. Be2 a5 11. b4 Bd4 12. Rb1 axb4 13. axb4 d6 14. O-O Ng6 15. Bg3 Be5 16. f4 Bf6 17. e4 O-O 18. Bd3 Ra2 19. Nf3 Bg4 20. Qb3 Rfa8 21. c5 R8a3 22. Qc4 Rc3 23. Qxa2 Rxd3 24. Qa8+ Nf8 25. Qxb7 Qxe4 26. Qxe4 1-0

[Event "December 5 Late 2023"]
[Site "https://www.chess.com"]
[Date "2023.12.05"]
[Round "6"]
[White "Krishnan, Varun"]
[Black "Bold, Andre"]
[Result "0-1"]
[Board "62"]
[TimeControl "180+1"]
[WhiteFideId "5054508"]
[BlackFideId "16208471"]
[WhiteElo "2644"]
[BlackElo "2497"]
[WhiteTeam "USA"]
[BlackTeam "GER"]
[WhiteClock "0:00:13"]
[BlackClock "0:00:16"]

1. d4 d5 2. c4 c6 3. Nc3 Nf6 4. Nf3 dxc4 5. a4 Bf5 6. e3 e6 7. Bxc4 Bb4 8. O-O O-O 9. Qe2 Nbd7 10. e4 Bg6 11. e5 Nd5 12. Bd2 Nxc3 13. bxc3 Be7 14. Bd3 Bxd3 15. Qxd3 c5 16. Rfb1 cxd4 17. cxd4 Rb8 18. a5 Nc5 19. Qc2 Na6 20. Qe4 Qd7 21. Rb2 Rfc8 22. Rab1 Rc7 23. h4 h6 24. Rb5 Bf8 25. d5 exd5 26. Rxd5 Qc6 27. Nd4 Qe8 28. Qg4 Kh8 29. e6 fxe6 30. Nxe6 Rd7 31. Rf5 Bc5 32. Bc3 Qxe6 33. Rf8+ Rxf8 34. Qxe6 Re7 35. Qxh6+ Kg8 36. Qg5 Rxf2 37. Kh1 Rfe2 38. Rd1 Rf7 39. Rd8+ Bf8 40. Rxf8+ Kxf8 41. Qd8+ Re8 42. Qd6+ Kg8 43. Qd5 Re7 44. Bd4 Rd7 45. Qe5 Rfe7 46. Qf4 Nc7 47. Bxa7 Nd5 48. Qb8+ Kh7 49. Qg3 Nf6 50. Qg5 Rd5 51. Qg3 Rd1+ 52. Kh2 Rd5 53. Qf3 Ree5 54. Bf2 Rf5 55. Qg3 Rh5 56. Qf3 Rdf5 57. Qe2 Rxf2 58. Qxf2 Ng4+ 59. Kg3 Nxf2 60. Kxf2 Rxa5 61. Kf3 Ra6 62. Ke4 Kh6 63. Kf5 g6+ 64. Kg4 Ra4+ 65. Kh3 b5 66. g3 b4 67. g4 Ra3+ 68. Kg2 g5 69. h5 Rc3 70. Kf2 Rc8 71. Ke2 b3 72. Kd2 b2 73. Kd3 b1=Q+ 74. Kd4 Qb6+ 75. Ke5 Rc5+ 76. Kd4 Qb4+ 77. Ke3 Rc3+ 78. Ke2 Qb2+ 79. Kf1 Rc1# 0-1

[Event "December 5 Late 2023"]
[Site "https://www.chess.com"]
[Date "2023.12.05"]
[Round "6"]
[White "Kraiouchkine, Nikita"]
[Black "Ehlvest, Jaan"]
[Result "0-1"]
[Board "63"]
[TimeControl "180+1"]
[WhiteFideId "2607140"]
[BlackFideId "4500016"]
[WhiteElo "2473"]
[BlackElo "2641"]
[WhiteTeam "CAN"]
[BlackTeam "USA"]
[WhiteClock "0:00:13"]
[BlackClock "0:00:54"]

1. e4 g6 2. d4 Bg7 3. Nc3 c5 4. Nf3 cxd4 5. Nxd4 Nc6 6. Be3 Nf6 7. Bc4 O-O 8. Bb3 d6 9. f3 Bd7 10. Qd2 a5 11. a4 Nxd4 12. Bxd4 Bc6 13. O-O Nd7 14. Bxg7 Kxg7 15. Bd5 Qb6+ 16. Kh1 Rac8 17. Rfd1 Nf6 18. Qd4 Qb4 19. Bb3 Qxd4 20. Rxd4 Nd7 21. Bd5 Nc5 22. Bxc6 bxc6 23. b3 Rb8 24. Ne2 f5 25. exf5 gxf5 26. Rad1 Na6 27. Kg1 Nb4 28. R1d2 c5 29. Rh4 Rb6 30. Nf4 Kg8 31. Kf2 e5 32. Nd5 Nxd5 33. Rxd5 f4 34. Rh6 Rd8 35. Re6 Kf7 36. Rexe5 dxe5 37. Rxd8 c4 38. bxc4 Rb4 39. Rd5 Rxa4 40. Rxa5 Rxa5 0-1

[Event "December 5 Late 2023"]
[Site "https://www.chess.com"]
[Date "2023.12.05"]
[Round "6"]
[White "Golubev, Mikhail"]
[Black "Minko, Dmitry"]
[Result "0-1"]
[Board "64"]
[TimeControl "180+1"]
[WhiteFideId "14100983"]
[BlackFideId "24188468"]
[WhiteElo "2630"]
[BlackElo "2489"]
[WhiteTeam "UKR"]
[BlackTeam "FID"]
[WhiteClock "0:00:00"]
[BlackClock "0:00:01"]

1. e4 e5 2. Nf3 Nc6 3. Bc4 Nf6 4. Ng5 d5 5. exd5 Nd4 6. c3 b5 7. Bf1 Nxd5 8. Nxf7 Kxf7 9. cxd4 exd4 10. Bxb5 Bd6 11. Qf3+ Nf6 12. Bc4+ Kg6 13. O-O Bg4 14. Qb3 Rf8 15. Bd3+ Kh6 16. h3 Bxh3 17. gxh3 Nh5 18. Be2 Nf4 19. d3 Qg5+ 20. Bg4 Rae8 21. Qd1 Kg6 22. Qf3 h5 23. Bxf4 Rxf4 24. Qc6 Ref8 25. Nd2 hxg4 26. Ne4 Qh4 27. Ng3 Qxh3 28. Rae1 Rxf2 29. Re6+ R2f6 30. Rfxf6+ Rxf6 31. Qe4+ Kg5 0-1

[Event "December 5 Late 2023"]
[Site "https://www.chess.com"]
[Date "2023.12.05"]
[Round "6"]
[White "Wanyama, Harold"]
[Black "Koksal, Ege"]
[Result "1-0"]
[Board "65"]
[TimeControl "180+1"]
[WhiteFideId "10000380"]
[BlackFideId "6317626"]
[WhiteElo "2471"]
[BlackElo "2627"]
[WhiteTeam "UGA"]
[BlackTeam "TUR"]
[WhiteClock "0:00:04"]
[BlackClock "0:00:00"]

1. d4 Nf6 2. c4 e6 3. g3 c6 4. Bg2 d5 5. Nf3 Nbd7 6. O-O b6 7. Nbd2 Bb7 8. Qc2 Rc8 9. e4 dxe4 10. Nxe4 c5 11. Nxf6+ Nxf6 12. dxc5 Bxc5 13. Rd1 Qe7 14. b3 O-O 15. Bb2 Rfd8 16. Ng5 Bxg2 17. Kxg2 e5 18. Qf5 h6 19. Nf3 e4 20. Ne5 Qb7 21. Kh3 Bf8 22. g4 Nh7 23. Kg2 e3+ 24. Qf3 Qxf3+ 25. Kxf3 exf2 26. Kxf2 Ng5 27. Kg2 Bc5 28. h4 Ne6 29. Kf3 a5 30. Bc3 Re8 31. Rd5 f6 32. Nd3 Nc7 33. Rd7 Re3+ 34. Kg2 Ne6 35. Rf1 1-0

[Event "December 5 Late 2023"]
[Site "https://www.chess.com"]
[Date "2023.12.05"]
[Round "6"]
[White "Rama, Tejas"]
[Black "Seemann, Jakub"]
[Result "0-1"]
[Board "66"]
[TimeControl "180+1"]
[WhiteFideId "30907381"]
[BlackFideId "21874697"]
[WhiteElo "2468"]
[BlackElo "2624"]
[WhiteTeam "USA"]
[BlackTeam "POL"]
[WhiteClock "0:00:09"]
[BlackClock "0:00:41"]

1. d4 Nf6 2. c4 e6 3. Nf3 d5 4. Nc3 c6 5. e3 Nbd7 6. Be2 Bd6 7. O-O O-O 8. b3 b6 9. Bb2 Bb7 10. Bd3 Rc8 11. Rc1 h6 12. h3 Qe7 13. Re1 Rfd8 14. Rc2 Bb4 15. Qc1 c5 16. cxd5 cxd4 17. exd4 Bxc3 18. Rxc3 Nxd5 19. Rxc8 Rxc8 20. Qd2 Qb4 21. Bc4 Qxd2 22. Nxd2 Nf4 23. Ne4 Bxe4 24. Rxe4 g5 25. g3 Nf6 26. Re5 Nxh3+ 27. Kg2 g4 28. Bc1 Kg7 29. f3 Nd7 30. Re1 Ng5 31. fxg4 Nf6 32. Bb2 Nd5 33. Kf2 b5 34. Bxb5 Rc2+ 35. Re2 Ne4+ 36. Ke1 Rxe2+ 37. Kxe2 Nec3+ 38. Kd3 Nxb5 39. a4 Nd6 40. Ba3 Ne8 41. b4 Kf6 42. b5 Kg5 43. Bc1+ Kxg4 44. Bxh6 Kxg3 45. a5 Nd6 46. b6 axb6 47. axb6 Nxb6 48. Bf8 Nf5 49. Bc5 Nd5 50. Ke4 Kg4 51. Ke5 Kg5 52. Bb4 Kg6 53. Bd2 Kh7 54. Ke4 Kg8 55. Ke5 Kf8 56. Ke4 Ke7 57. Be1 Kd7 58. Bf2 Kc6 59. Bg1 Kb5 60. Bf2 Kc4 61. Be1 Nxd4 62. Ke5 Nf5 63. Ke4 f6 64. Kf3 Nd6 65. Ke2 Kd4 66. Bg3 Nf5 67. Bf2+ Ke4 68. Ba7 Nf4+ 69. Ke1 Nd4 70. Kf1 e5 71. Bb8 f5 72. Ba7 Nf3 0-1

[Event "December 5 Late 2023"]
[Site "https://www.chess.com"]
[Date "2023.12.05"]
[Round "6"]
[White "Omelja, Artem"]
[Black "Khokhlova, Daria"]
[Result "1-0"]
[Board "67"]
[TimeControl "180+1"]
[WhiteFideId "14119846"]
[BlackFideId "24182729"]
[WhiteElo "2624"]
[BlackElo "2451"]
[WhiteTeam "UKR"]
[BlackTeam "FID"]
[WhiteClock "0:00:55"]
[BlackClock "0:00:27"]

1. e4 c5 2. Nf3 d6 3. Nc3 Nf6 4. e5 dxe5 5. Nxe5 e6 6. g3 Qc7 7. d4 cxd4 8. Qxd4 Bc5 9. Qa4+ Nbd7 10. Bf4 Qb6 11. O-O-O O-O 12. Nc4 Qb4 13. Qxb4 Bxb4 14. Nb5 a6 15. Nc7 Ra7 16. Be3 Bc5 17. Bxc5 Nxc5 18. Nb6 Ncd7 19. Nca8 Nxb6 20. Nxb6 a5 21. f4 Ne4 22. Rd4 Nf2 23. Rg1 e5 24. fxe5 Ng4 25. Nxc8 Nxh2 26. Ne7+ Kh8 27. Be2 b5 28. Nc6 Rc7 29. Nxa5 1-0

[Event "December 5 Late 2023"]
[Site "https://www.chess.com"]
[Date "2023.12.05"]
[Round "6"]
[White "Gubajdullin, Alexei"]
[Black "Bogaudinov, Rushan"]
[Result "1-0"]
[Board "68"]
[TimeControl "180+1"]
[WhiteFideId "4141202"]
[BlackFideId "4129288"]
[WhiteElo "2610"]
[BlackElo "2446"]
[WhiteTeam "RUS"]
[BlackTeam "RUS"]
[WhiteClock "0:00:24"]
[BlackClock "0:00:00"]

1. d4 Nf6 2. Nf3 e6 3. Bf4 b6 4. e3 Bb7 5. Be2 Nh5 6. Bg5 Be7 7. Bxe7 Qxe7 8. O-O O-O 9. Ne5 Nf6 10. Bf3 d5 11. c4 c6 12. Nc3 Nbd7 13. Nxd7 Nxd7 14. cxd5 exd5 15. Qa4 Qd6 16. b4 a6 17. Qb3 b5 18. a4 Nb6 19. a5 Nc4 20. Ra2 Rae8 21. Be2 Bc8 22. Bxc4 dxc4 23. Qb1 f5 24. Rd2 Be6 25. f3 Bd5 26. Re1 Qh6 27. Rde2 Qg6 28. e4 fxe4 29. fxe4 Be6 30. d5 Bg4 31. Re3 cxd5 32. exd5 Rxe3 33. Rxe3 Qf6 34. Qe1 Qd4 35. h3 Bf5 36. Kh2 h6 37. Re7 Rf7 38. Qe5 Qxe5+ 39. Rxe5 h5 40. Re8+ Kh7 41. Ra8 Rf6 42. Rb8 h4 43. Rb6 Kg8 44. Rxf6 gxf6 45. g3 hxg3+ 46. Kxg3 Kf7 47. h4 Bg6 48. Kg4 Ke7 49. h5 Bh7 50. h6 Kd6 51. Kf4 Bg6 52. Ke3 Ke5 53. Ne2 Bh7 54. Nc3 f5 55. Nxb5 Kxd5 56. Nc3+ Ke5 57. b5 f4+ 58. Kf2 axb5 59. a6 b4 60. a7 bxc3 61. a8=Q c2 62. Qa1+ Kd5 63. Qc3 Kc5 64. Kf3 Bd3 65. Kxf4 Kd5 66. Kg5 Ke4 67. Kf6 Ke3 68. Qe1+ Kd4 69. Kg7 Be4 70. h7 Bxh7 71. Kxh7 Kd3 72. Qc1 Kc3 73. Kg6 Kd3 74. Kf5 Kc3 75. Ke4 1-0

[Event "December 5 Late 2023"]
[Site "https://www.chess.com"]
[Date "2023.12.05"]
[Round "6"]
[White "Dmitrenko, Viktor"]
[Black "Dyachuk, Artem"]
[Result "1-0"]
[Board "69"]
[TimeControl "180+1"]
[WhiteFideId "14110270"]
[BlackFideId "34107924"]
[WhiteElo "2429"]
[BlackElo "2609"]
[WhiteTeam "UKR"]
[BlackTeam "UKR"]
[WhiteClock "0:00:08"]
[BlackClock "0:00:02"]

1. d4 Nf6 2. Nf3 d5 3. c4 c6 4. Qc2 g6 5. Bf4 Bg7 6. e3 Bf5 7. Qb3 Qb6 8. Nc3 O-O 9. Qa3 Re8 10. c5 Qd8 11. h3 Nbd7 12. Be2 Ne4 13. Nxe4 dxe4 14. Nd2 e5 15. dxe5 Nxe5 16. Bxe5 Bxe5 17. Nc4 Qg5 18. g4 Be6 19. h4 Qf6 20. g5 Qg7 21. O-O-O b5 22. Nd6 b4 23. Nxe8 Rxe8 24. Qxb4 Bxa2 25. Rd4 Bxd4 26. Qxd4 Qxd4 27. exd4 Bd5 28. Kc2 Rb8 29. Ra1 Rb7 30. Ra6 h5 31. Kc3 Kg7 32. b4 f5 33. gxf6+ Kxf6 34. b5 g5 35. bxc6 Rc7 36. hxg5+ Kxg5 37. Bb5 h4 38. Ra1 e3 39. fxe3 h3 40. Bc4 Bf3 41. d5 Re7 42. d6 Rxe3+ 43. Kd4 Re4+ 44. Kd3 Re5 45. d7 Be4+ 46. Kd4 Rf5 47. d8=Q+ Kf4 48. Qd6+ Kf3 49. c7 h2 50. c8=Q Rf4 51. Qh3+ Kf2 52. Qf1+ Kg3 53. Qdxf4# 1-0

[Event "December 5 Late 2023"]
[Site "https://www.chess.com"]
[Date "2023.12.05"]
[Round "6"]
[White "Buchenau, Frank"]
[Black "Bjelobrk, Igor"]
[Result "1/2-1/2"]
[Board "70"]
[TimeControl "180+1"]
[WhiteFideId "4604350"]
[BlackFideId "4300726"]
[WhiteElo "2424"]
[BlackElo "2587"]
[WhiteTeam "GER"]
[BlackTeam "AUS"]
[WhiteClock "0:00:24"]
[BlackClock "0:00:17"]

1. e4 e6 2. d4 d5 3. Nc3 Bb4 4. exd5 exd5 5. Bd3 Nc6 6. Ne2 Nge7 7. O-O O-O 8. Bf4 Bf5 9. Ng3 Bxd3 10. Qxd3 Qd7 11. a3 Bxc3 12. Qxc3 Ng6 13. Be3 Nd8 14. Qd3 Ne6 15. f4 f5 16. Nxf5 Nexf4 17. Bxf4 Rxf5 18. Bg3 Rxf1+ 19. Rxf1 c6 20. Qf5 Qxf5 21. Rxf5 Re8 22. Kf2 Re4 23. c3 Nf8 24. Re5 Rxe5 25. Bxe5 Kf7 26. Ke3 Ne6 27. Kd3 h5 28. b3 g5 29. c4 Kg6 30. Ke3 Kf5 31. c5 g4 32. Bb8 a6 33. b4 h4 34. a4 Ng5 35. Bd6 h3 36. gxh3 Nxh3 37. Bg3 Ng5 38. Bc7 Ne4 39. Kd3 Kg5 40. Bg3 Kf5 41. Ke3 Nc3 42. a5 Na2 43. Be1 Nc1 44. Kd2 Nb3+ 45. Kc3 Nc1 46. Kd2 Nb3+ 47. Kc3 Nc1 48. Kd2 1/2-1/2

[Event "December 5 Late 2023"]
[Site "https://www.chess.com"]
[Date "2023.12.05"]
[Round "6"]
[White "Espinoza Villanueva, Rodrigo"]
[Black "Zhou, Qiyu"]
[Result "0-1"]
[Board "71"]
[TimeControl "180+1"]
[WhiteFideId "5140188"]
[BlackFideId "505161"]
[WhiteElo "2586"]
[BlackElo "2428"]
[WhiteTeam "MEX"]
[BlackTeam "CAN"]
[WhiteClock "0:00:01"]
[BlackClock "0:00:05"]

1. d4 Nf6 2. c4 e6 3. Nf3 b6 4. g3 Ba6 5. Qa4 c5 6. Bg2 Bb7 7. O-O cxd4 8. Nxd4 Bxg2 9. Kxg2 Bc5 10. Nf3 O-O 11. Rd1 Be7 12. Nc3 Nc6 13. Bf4 Rc8 14. Rd2 Na5 15. b3 d5 16. Rad1 Qe8 17. Qxe8 Rfxe8 18. Nb5 dxc4 19. bxc4 Nxc4 20. Rd4 Nd5 21. Nxa7 Nxf4+ 22. gxf4 Ra8 23. Nc6 Na5 24. Nxe7+ Rxe7 25. Ne5 g6 26. h4 Rc7 27. Rb4 Rb8 28. Rdb1 Rcb7 29. e3 b5 30. Kf3 Rb6 31. Nd7 Nc6 32. Nxb8 Nxb4 33. Nd7 Rd6 34. Rxb4 Rxd7 35. Rxb5 Ra7 36. Rb8+ Kg7 37. Rb2 Ra3 38. h5 gxh5 39. Ke4 Kg6 40. Kd4 h4 41. Kc4 Kh5 42. Kb4 Ra8 43. Kc3 h3 44. f3 Kh4 45. a4 Kg3 46. Rb1 h2 47. Kb4 Rb8+ 0-1

[Event "December 5 Late 2023"]
[Site "https://www.chess.com"]
[Date "2023.12.05"]
[Round "6"]
[White "Ozates, Tuna"]
[Black "Chaika, Vitalii"]
[Result "0-1"]
[Board "72"]
[TimeControl "180+1"]
[WhiteFideId "6354521"]
[BlackFideId "14111802"]
[WhiteElo "2582"]
[BlackElo "2412"]
[WhiteTeam "TUR"]
[BlackTeam "UKR"]
[WhiteClock "0:00:48"]
[BlackClock "0:00:28"]

1. e4 d6 2. d4 Nf6 3. Nc3 e5 4. Nf3 Nbd7 5. Bc4 Be7 6. O-O O-O 7. a4 a5 8. Ba2 c6 9. Qe2 exd4 10. Nxd4 Nc5 11. Re1 Be6 12. Nxe6 fxe6 13. e5 Nd5 14. Ne4 dxe5 15. Bd2 Qb6 16. Nxc5 Bxc5 17. Be3 Bxe3 18. fxe3 Qxb2 19. Bb3 Qc3 20. Rad1 Qc5 21. Kh1 Nc3 22. Qg4 Nxd1 23. Qxd1 Rad8 24. Qg4 Qxe3 25. Rg1 Rf6 26. h3 Rdf8 27. Bxe6+ Kh8 28. Bc4 Rf4 29. Qe6 Qd4 30. Be2 e4 31. Rb1 Rf2 32. Bc4 R2f6 33. c3 Qxc3 34. Qxe4 Rf4 35. Qe7 Qxc4 0-1

[Event "December 5 Late 2023"]
[Site "https://www.chess.com"]
[Date "2023.12.05"]
[Round "6"]
[White "Erdogan, Anil Berk"]
[Black "Alvarado, Carlos"]
[Result "1-0"]
[Board "73"]
[TimeControl "180+1"]
[WhiteFideId "6348173"]
[BlackFideId "3800555"]
[WhiteElo "2581"]
[BlackElo "2398"]
[WhiteTeam "TUR"]
[BlackTeam "PER"]
[WhiteClock "0:00:48"]
[BlackClock "0:00:00"]

1. e4 c6 2. d4 d5 3. exd5 cxd5 4. c4 e6 5. Nc3 Nf6 6. c5 Be7 7. Rb1 O-O 8. Nf3 b6 9. b4 a5 10. a3 axb4 11. axb4 bxc5 12. bxc5 Ba6 13. Bxa6 Nxa6 14. O-O Nd7 15. Bf4 g5 16. Bg3 Bf6 17. c6 Ndb8 18. Qa4 Qc8 19. c7 Nxc7 20. Qc2 Nca6 21. Rfc1 Nd7 22. Qd3 g4 23. Nxd5 exd5 24. Rxc8 Rfxc8 25. Ne5 Nxe5 26. dxe5 Bg7 27. Qf5 Nb4 28. Qxg4 Nd3 29. h4 Nc5 30. h5 Kh8 31. Qf5 Rf8 32. Bf4 Ne6 33. h6 Bxh6 34. Bxh6 1-0

[Event "December 5 Late 2023"]
[Site "https://www.chess.com"]
[Date "2023.12.05"]
[Round "6"]
[White "Monteiro, Luis Felipe Furtado"]
[Black "Iskusnyh, Sergei"]
[Result "0-1"]
[Board "74"]
[TimeControl "180+1"]
[WhiteFideId "22702806"]
[BlackFideId "4120027"]
[WhiteElo "2078"]
[BlackElo "2577"]
[WhiteTeam "BRA"]
[BlackTeam "RUS"]
[WhiteClock "0:00:03"]
[BlackClock "0:00:15"]

1. d4 d5 2. c4 c6 3. Nc3 Nf6 4. Nf3 e6 5. Bg5 Be7 6. e3 Nbd7 7. Qc2 h6 8. Bh4 O-O 9. Rc1 b6 10. Bd3 Bb7 11. cxd5 cxd5 12. O-O Rc8 13. Qa4 a6 14. Bxf6 Bxf6 15. Qb3 Rc6 16. Rfd1 Qb8 17. a4 Rfc8 18. Rc2 Be7 19. Rdc1 Bd6 20. h3 Nf6 21. Ne2 Rxc2 22. Rxc2 Rxc2 23. Qxc2 Kf8 24. Nd2 Ne4 25. Nxe4 dxe4 26. Bxe4 Bc8 27. Bd3 g6 28. Nc1 Kg7 29. Ne2 Bb7 30. Be4 Bc8 31. Qc6 b5 32. axb5 axb5 33. Nc3 b4 34. Nb1 Bf8 35. Nd2 Bd6 36. Nc4 Bc7 37. g3 Qa7 38. b3 Ba6 39. Kg2 Bc8 40. Kg1 Qb8 41. Kg2 h5 42. Nd2 Qa7 43. h4 Ba6 44. Nc4 Bc8 45. Qc5 Qb8 46. Bf3 Kg8 47. Qc6 Kg7 48. Qe8 e5 49. dxe5 Bh3+ 50. Kh2 Qxe8 51. Kxh3 Bxe5 52. Kg2 Bc3 53. Nb6 Qd8 54. Nd5 Qa5 55. Nf4 Qa2 56. Bd5 Be1 57. Nh3 Qd2 58. Bc4 Qc2 59. Bd5 Bd2 60. Kf3 Qd1+ 61. Kg2 Qe2 62. Nf4 Qe1 63. Bc4 Qb1 64. Ne2 Qb2 65. Nf4 Bxe3 66. Kf3 Qxf2+ 67. Ke4 Bxf4 68. gxf4 0-1

[Event "December 5 Late 2023"]
[Site "https://www.chess.com"]
[Date "2023.12.05"]
[Round "6"]
[White "Marcziter, Dmitrii"]
[Black "Brodsky, David"]
[Result "0-1"]
[Board "75"]
[TimeControl "180+1"]
[WhiteFideId "13900765"]
[BlackFideId "2073250"]
[WhiteElo "2395"]
[BlackElo "2779"]
[WhiteTeam "GER"]
[BlackTeam "USA"]
[WhiteClock "0:00:12"]
[BlackClock "0:00:14"]

1. d4 a6 2. Nf3 Nf6 3. g3 b5 4. Bg2 Bb7 5. O-O g6 6. c3 Bg7 7. a4 O-O 8. axb5 axb5 9. Rxa8 Bxa8 10. Na3 c6 11. e4 Nxe4 12. Re1 Nf6 13. Bf4 d6 14. Qe2 Nd5 15. Bg5 Re8 16. Nd2 h6 17. Bxd5 hxg5 18. Bg2 Nd7 19. Qg4 e5 20. Nxb5 Nf6 21. Qxg5 cxb5 22. dxe5 Bxg2 23. Kxg2 dxe5 24. Nf3 e4 25. Nd4 b4 26. Nc6 Qa8 27. Nxb4 e3+ 28. f3 Qd8 29. Re2 Qd1 30. Qb5 Rd8 31. Nc2 Rd2 32. Nd4 Nh7 33. Qe8+ Nf8 34. Qxe3 Rxe2+ 35. Qxe2 Qb1 36. Qc2 Qa2 37. Ne2 Ne6 38. Qd2 Bf6 39. Nc1 Qb1 40. Nb3 Bg5 41. f4 Qe4+ 42. Kg1 Bd8 43. Nd4 Bb6 44. b3 Nxd4 45. cxd4 Bxd4+ 46. Kf1 Qf3+ 47. Ke1 Bc3 48. b4 Qe3+ 49. Kf1 Qxd2 50. Kg1 Bd4+ 0-1

[Event "December 5 Late 2023"]
[Site "https://www.chess.com"]
[Date "2023.12.05"]
[Round "6"]
[White "Chylewski, Patryk"]
[Black "Adewumi, Tanitoluwa"]
[Result "1/2-1/2"]
[Board "76"]
[TimeControl "180+1"]
[WhiteFideId "1186191"]
[BlackFideId "30966396"]
[WhiteElo "2518"]
[BlackElo "2736"]
[WhiteTeam "POL"]
[BlackTeam "USA"]
[WhiteClock "0:00:11"]
[BlackClock "0:00:06"]

1. Nf3 Nf6 2. b3 g6 3. Bb2 Bg7 4. g3 O-O 5. Bg2 d6 6. c4 Nc6 7. d4 e5 8. dxe5 Ng4 9. O-O Ngxe5 10. Nxe5 Nxe5 11. Qc1 Re8 12. Nd2 c6 13. Nf3 Bg4 14. Nxe5 dxe5 15. Rd1 Qb6 16. Qc2 Bf5 17. Qc3 Rad8 18. b4 Bg4 19. Bf3 Bxf3 20. exf3 Rd4 21. Rxd4 exd4 22. Qd2 d3 23. c5 Qb5 24. Bxg7 Kxg7 25. Qc3+ Kg8 26. Rd1 Rd8 27. a3 Rd5 28. Re1 Rd8 29. Qf6 Rf8 30. Qd4 a5 31. Rd1 axb4 32. axb4 Re8 33. Rxd3 Re1+ 34. Kg2 h5 35. Qd8+ Kh7 36. Qd7 Qc4 37. h4 Kg8 38. Qd8+ Kh7 39. Qd7 Rb1 40. Qd4 Rxb4 41. Qxc4 Rxc4 42. Rd7 Kg7 43. Rxb7 Rxc5 44. Rc7 Kf6 45. Rd7 Rc3 46. Rc7 c5 47. g4 c4 48. Rc5 hxg4 49. fxg4 Rc2 50. Kg3 Rc1 51. Rc7 c3 52. Kg2 c2 53. f3 Ke5 54. Rc8 f5 55. gxf5 gxf5 56. Rc7 Kf4 57. Rc4+ Ke3 58. Rc8 Kd3 59. Rd8+ Ke3 60. Rc8 Kf4 61. Rc4+ Ke5 62. Rc6 Kd5 63. Rc8 Ke6 64. Rc6+ Kf7 65. Rc7+ Kg6 66. Rc5 Kh6 67. Rc3 Kh5 68. Rc4 f4 69. Rc5+ Kxh4 70. Kh2 Rf1 71. Rxc2 Rxf3 72. Kg2 Rg3+ 73. Kf2 Rh3 74. Rc8 Ra3 75. Rh8+ Kg4 76. Rg8+ Kf5 77. Rf8+ Ke5 78. Re8+ Kd6 79. Rf8 Ra2+ 80. Kf3 Ke5 81. Re8+ Kf5 82. Rf8+ Kg5 83. Rg8+ Kf5 84. Rf8+ Ke6 85. Rxf4 Ra3+ 86. Kg4 Ra1 87. Rf3 Rg1+ 88. Rg3 Rf1 89. Rf3 Rg1+ 90. Rg3 Rh1 91. Rh3 Re1 92. Rf3 Re4+ 93. Rf4 Re5 94. Kf3 Rg5 95. Re4+ Kf5 96. Rf4+ Ke5 97. Re4+ Kd5 98. Rf4 Rg8 99. Rf5+ Kd4 100. Rf4+ Kd3 101. Rf7 Rg6 102. Rd7+ Kc4 103. Ke4 Rg4+ 104. Kf5 Rg1 105. Ke4 Rf1 106. Rc7+ Kb5 107. Rd7 Kc5 108. Rd5+ Kc6 109. Rd2 Kc7 110. Ke5 Kc6 111. Rc2+ Kd7 112. Rd2+ Ke7 113. Re2 Kf7 114. Kd5 Rf5+ 115. Ke4 Rf6 116. Re3 Re6+ 117. Kf4 Rxe3 118. Kxe3 1/2-1/2